 Dungeon Crawl Stone Soup version 0.29-a0-251-g80730f7218 (webtiles) character file.

Game seed: 12370023998077222694

202 pokeman the Magician (level 5, -6/29 HPs)
             Began as a Deep Elf Hedge Wizard on Mar 5, 2022.
             Killed by divine providence
             ... invoked by an orc priest
              (13 damage)
             ... on level 3 of the Dungeon.
             The game lasted 00:03:42 (2431 turns).

pokeman the Magician (Deep Elf Hedge Wizard)        Turns: 2431, Time: 00:03:42

Health: -6/29      AC:  5    Str:  7    XL:     5   Next: 50%
Magic:  7/15       EV: 12    Int: 21    God:
Gold:   148        SH:  0    Dex: 14    Spells: 4/16 levels left

rFire   . . .      SeeInvis +   k - +1 dagger (protect)
rCold   . . .      Faith    .   (no shield)
rNeg    . . .      Spirit   .   j - +0 leather armour
rPois   .          Reflect  .   g - +1 hat
rElec   .          Harm     .   m - +0 cloak
rCorr   .          Rampage  .   (no gloves)
Will    .....                   (no boots)
Stlth   ++........              (no amulet)
HPRegen 0.09/turn               i - ring of see invisible
MPRegen 0.14/turn               (no ring)

@: no status effects
A: no striking features
a: no special abilities


You were on level 3 of the Dungeon.
You visited 1 branch of the dungeon, and saw 3 of its levels.

You collected 148 gold pieces.

Inventory:

Hand Weapons
 k - a +1 dagger of protection (weapon)
Armour
 g - a +1 hat (worn)
 j - a +0 leather armour (worn)
 m - a +0 cloak (worn)
Jewellery
 i - a ring of see invisible (left hand)
Wands
 q - a wand of flame (24)
Scrolls
 a - a scroll of immolation {unknown}
 b - a scroll of enchant weapon {unknown}
 c - 2 scrolls of teleportation {unknown}
 d - 2 scrolls of identify {unknown}
 f - a scroll of noise {unknown}
 h - a scroll of brand weapon {unknown}
 n - a scroll of vulnerability {unknown}
 p - a scroll of magic mapping {unknown}
Potions
 e - a potion of brilliance {unknown}
 l - a potion of berserk rage {unknown}
 o - a potion of mutation {unknown}


   Skills:
 - Level 1.0 Fighting
 - Level 1.0 Armour
 - Level 3.1 Dodging
 + Level 2.5 Stealth
 * Level 6.3 Spellcasting
 + Level 2.7 Conjurations
 - Level 1.1 Summonings
 - Level 1.1 Translocations
 - Level 1.4 Fire Magic
 + Level 0.4 Air Magic


You had 4 spell levels left.
You knew the following spells:

 Your Spells              Type           Power      Damage    Failure   Level
a - Magic Dart            Conj           72%        1d6       4%          1
b - Mephitic Cloud        Conj/Pois/Air  11%        N/A       26%         3
c - Call Imp              Summ           11%        N/A       13%         2
d - Blink                 Tloc           22%        N/A       13%         2
e - Conjure Flame         Conj/Fire      15%        6-21      17%         3
f - Foxfire               Conj/Fire      60%        2x1d7     6%          1

Your spell library contained the following spells:

 Spells                   Type           Power      Damage    Failure   Level
 Freeze                   Ice            24%        1d5       14%         1
 Slow                     Hex            24%        N/A       14%         1
 Ensorcelled Hibernation  Hex/Ice        12%        N/A       21%         2
 Call Canine Familiar     Summ           11%        N/A       26%         3
 Inner Flame              Hex/Fire       9%         N/A       30%         3
 Portal Projectile        Hex/Tloc       16%        N/A       32%         3
 Leda's Liquefaction      Hex/Erth       3%         N/A       80%         4
 Summon Forest            Summ/Tloc      5%         N/A       94%         5
 Eringya's Noxious Bog    Tmut/Pois      3%         N/A       100%        6
 Summon Hydra             Summ           5%         N/A       100%        7


Dungeon Overview and Level Annotations

Branches:
Dungeon (3/15)

Altars:
Yredelemnul


Message History

The orc priest mumbles some strange prayers to Beogh against you.
Beogh smites you!
Casting: Foxfire (safe; 6% risk of failure)
Confirm with . or Enter, or press ? or * to list all spells.
You conjure some foxfire!
The foxfire hits the goblin.
The goblin is heavily wounded.
The foxfire hits the goblin.
The goblin is severely wounded.
The orc priest mumbles some strange prayers to Beogh against you.
Beogh smites you!
Unknown command.
The ball python bites you. The ball python grabs you.
The ball python constricts you.
* * * LOW HITPOINT WARNING * * *
You escape the ball python's grasp.
Casting: Foxfire (safe; 6% risk of failure)
Confirm with . or Enter, or press ? or * to list all spells.
You conjure some foxfire!
The ball python closely misses you. The ball python grabs you.
The ball python constricts you.
* * * LOW HITPOINT WARNING * * *
The ball python bites you but does no damage.
The ball python constricts you.
* * * LOW HITPOINT WARNING * * *
You escape the ball python's grasp.
The foxfire hits the ball python.
The ball python is severely wounded.
The foxfire hits the ball python.
You kill the ball python!
Casting: Foxfire (safe; 6% risk of failure)
Confirm with . or Enter, or press ? or * to list all spells.
A beastly little devil appears in a puff of frigid air.
The goblin barely misses you.
You swap places.
The goblin hits your white imp with a +0 club.
Your white imp hits the goblin.
The goblin dies!
A necrophage comes into view.
The orc priest mumbles some strange prayers to Beogh against you.
Beogh smites you!
You die...

.≈.≈..§§.≈..# ♣.♣
.≈.≈≈≈≈§.≈..#♣♣.♣♣###
.≈........)o..†.....#
)≈≈≈≈≈≈≈≈≈.##♣♣)♣♣#.#
### ........o...# ♣o♣
##.## .#)....######
#.### #.... ....##.#
#5#.# ##.## .#####.#
#...#.# #.# #.#
##@.n.# #.# #.#
#..####### #.# #.#
#..# #...# #.## #.#
#..###.#.### #... #.#
#..#...#...####.#.
#..#.#####......#.
#..#...#...######.
#..###.#.### #..
#...## ###.#


You could see a necrophage (dormant), an orc priest and a friendly white imp
(summoned).

Vanquished Creatures
  An orc warrior (D:3)
  Jessica (D:2)
  4 adders
  3 worms
  6 orcs (D:3)
  3 ball pythons (D:3)
  2 bats (D:1)
  2 endoplasms
  A giant cockroach (D:2)
  2 goblins
  3 hobgoblins
  3 quokkas
  3 kobolds
  3 rats (D:3)
37 creatures vanquished.

Vanquished Creatures (collateral kills)
  A goblin (D:3)
1 creature vanquished.

Vanquished Creatures (others)
  85 foxfires
85 creatures vanquished.

Grand Total: 123 creatures vanquished

Notes
Turn   | Place    | Note
-------+----------+-------------------------------------------
     0 | D:1      | pokeman the Deep Elf Hedge Wizard began the quest for the
                  | Orb.
     0 | D:1      | Reached XP level 1. HP: 10/10 MP: 7/7
   631 | D:1      | Reached XP level 2. HP: 15/15 MP: 6/9
  1100 | D:2      | Found a faded altar of an unknown god.
  1242 | D:2      | Got the Collected Works on the Glacier and the Arsonist
  1271 | D:2      | Reached skill level 5 in Spellcasting
  1271 | D:2      | Reached XP level 3. HP: 20/20 MP: 4/11
  1275 | D:2      | Learned a level 3 spell: Mephitic Cloud
  1278 | D:2      | Learned a level 2 spell: Call Imp
  1281 | D:2      | Learned a level 2 spell: Blink
  1285 | D:2      | Learned a level 3 spell: Conjure Flame
  1287 | D:2      | Learned a level 1 spell: Foxfire
  1722 | D:2      | Reached skill level 1 in Fighting
  1722 | D:2      | Reached skill level 1 in Armour
  1751 | D:2      | Noticed Jessica
  1756 | D:2      | Killed Jessica
  1757 | D:2      | Reached XP level 4. HP: 25/25 MP: 6/13
  1930 | D:3      | Noticed an orc warrior
  1938 | D:3      | Killed an orc warrior
  1939 | D:3      | Reached skill level 6 in Spellcasting
  1939 | D:3      | Reached skill level 1 in Fire Magic
  1939 | D:3      | Reached XP level 5. HP: 14/29 MP: 8/15
  2353 | D:3      | Found a basalt altar of Yredelemnul.
  2431 | D:3      | Killed from afar by an orc priest

Illustrated notes

Levels and vault maps discovered:
D:1:      dpeg_arrival_shelter, layout_basic
D:2:      layout_rooms, basic_ecumenical_altar, amcnicky_mini_pool_small,
          uniq_jessica
D:3:      layout_loops_ring, mainiacjoe_overflow_concentric_impassable,
          minmay_tree_intersection, chequers_serial_rivers_marsh,
          minmay_crystal_room, minmay_misc_feat_nine_boxes,
          minmay_fractal_squares_5

Skill      XL: |  1  2  3  4 |
---------------+-------------+-----
Spellcasting   | 5 6 |  6.3
Fighting       | 1 |  1.0
Armour         | 1 |  1.0
Conjurations   | 2 |  2.7
Dodging        | 3 |  3.1
Fire Magic     | 1 |  1.4
Stealth        | |  2.5
Summonings     | |  1.1
Translocations | |  1.1
Air Magic      | |  0.4

Action                   |  1- 3 |  4- 6 || total
-------------------------+-------+-------++-------
Melee: Dagger            |     2 |     8 ||    10
 Cast: Magic Dart        |    34 |       ||    34
       Foxfire           |    22 |    26 ||    48
       Conjure Flame     |       |     1 ||     1
       Mephitic Cloud    |       |     1 ||     1
       Call Imp          |       |     1 ||     1
Armor: Robe              |     1 |       ||     1
       Leather armour    |     1 |     3 ||     4
Dodge: Dodged            |     6 |     6 ||    12

Table legend: (Time is in decaauts)
 A = Elapsed time spent in this place.
 B = Non-inter-level travel time spent in this place.
 C = Inter-level travel time spent in this place.
 D = Time resting spent in this place.
 E = Time spent auto-exploring this place.
 F = Levels seen in this place.
 G = Mean time per level.
                   A        B        C        D        E       F      G
               +--------+--------+--------+--------+--------+-----+--------+
         Total |   2429 |   2394 |     35 |      0 |   2086 |   3 |  809.7 |
       Dungeon |   2429 |   2394 |     35 |      0 |   2086 |   3 |  809.7 |
               +--------+--------+--------+--------+--------+-----+--------+

Top non-repeatable levels by time:
     D:1: 1067 daAuts
     D:2: 807 daAuts
     D:3: 554 daAuts
